 Dungeon Crawl Stone Soup version 0.30-a0-341-g682706514a (webtiles) character file.

Game seed: 3724570923463984891

1531 lunkers the Geomancer (level 9, 0/54 (62) HPs)
             Began as a Meteoran Earth Elementalist on Nov 1, 2022.
             Was a Believer of Ashenzari.
             Slain by a wight
             ... wielding a +5 halberd
              (7 damage)
             ... on level 7 of the Dungeon.
             The game lasted 00:07:48 (2325 turns).

lunkers the Geomancer (Meteoran Earth Elementalist) Turns: 2325, Time: 00:07:49

HP:   0/54 (62)     AC:  6    Str: 10    XL:     9   Next: 32%
MP:   13/21         EV: 12    Int: 28    God:    Ashenzari [**....]
Gold: 241           SH:  0    Dex: 14    Spells: 3/23 levels left

rFire   . . .      SeeInvis +    k - +3 dagger of the Celestial Yoke {Bglg, Melee} (curse)
rCold   . . .      Faith    .    (no shield)
rNeg    . . .      Spirit   .    a - +0 robe
rPois   .          Reflect  .    (no helmet)
rElec   .          Harm     .    (no cloak)
rCorr   .          Rampage  .    (no gloves)
Will    +....                    (no boots)
Stlth   +.........               (no amulet)
HPRegen 0.29/turn                g - ring of Curses and Power {Int+6, Elem, Alch} (curse)
MPRegen 0.17/turn                i - ring "Sybil of the Soothsayer" {AC+4, Alch, Elem} (curse)

@: glowing, heavily drained
A: sense surroundings 2, otherworldly, glowing, explore regen
a: Renounce Religion, Shatter the Chains


You were on level 7 of the Dungeon.
You worshipped Ashenzari.
Ashenzari was pleased with you.
You visited 2 branches of the dungeon, and saw 8 of its levels.

You collected 241 gold pieces.

Inventory:

Hand Weapons
 k - the cursed +3 dagger of the Celestial Yoke (weapon) {Bglg, Melee}
   (You found it on level 2 of the Dungeon)

   It has a curse which improves the following skills: Beguiling: Conjurations,
   Hexes and Translocations.
   Melee Combat: Short Blades, Long Blades, Axes, Maces & Flails, Polearms,
   Staves and Unarmed Combat.
Armour
 a - a +0 robe (worn)
Jewellery
 g - the cursed ring of Curses and Power (left hand) {Int+6, Elem, Alch}
   (You found it on level 1 of the Dungeon)

   [ring of intelligence]

   Int:       It affects your intelligence (+6).
   It has a curse which improves the following skills: Elements: Fire Magic, Ice
   Magic, Air Magic and Earth Magic.
   Alchemy:   Poison Magic and Transmutations.
 i - the cursed ring "Sybil of the Soothsayer" (right hand) {AC+4, Alch, Elem}
   (You found it on level 1 of the Dungeon)

   [ring of protection]

   AC:        It affects your AC (+4).
   It has a curse which improves the following skills: Alchemy: Poison Magic and
   Transmutations.
   Elements:  Fire Magic, Ice Magic, Air Magic and Earth Magic.
 j - an amulet of guardian spirit
 t - a +6 ring of intelligence
Wands
 s - a wand of flame (20)
 v - a wand of paralysis (15)
Scrolls
 c - a scroll of vulnerability
 e - a scroll of poison
 h - a scroll of magic mapping
 n - 4 scrolls of butterflies
 q - a scroll of fear
 r - 2 scrolls of enchant weapon
 u - a scroll of enchant armour
 w - a scroll of teleportation
Potions
 b - 2 potions of magic
 d - a potion of resistance
 f - 2 potions of mutation
 l - 2 potions of lignification
 m - 2 potions of curing
 o - a potion of invisibility
 p - a potion of heal wounds


   Skills:
 - Level 2.4 Dodging
 - Level 1.4 Stealth
 + Level 7.6 Spellcasting
 - Level 3.0(4.1) Conjurations
 - Level 1.2(2.4) Transmutations
 * Level 5.1(7.0) Ice Magic
 - Level 9.1(11.0) Earth Magic


You had 3 spell levels left.
You knew the following spells:

 Your Spells              Type           Power      Damage    Failure   Level
a - Sandblast             Erth           100%       2d20      1%          1
b - Passwall              Tmut/Erth      40%        N/A       1%          2
c - Stone Arrow           Conj/Erth      100%       3d13      1%          3
d - Petrify               Tmut/Erth      48%        N/A       3%          4
e - Ozocubu's Armour      Ice            49%        N/A       1%          3
f - Ozocubu's Refrigerat  Ice            24%        4d12      94%         7

Your spell library contained the following spells:

 Spells                   Type           Power      Damage    Failure   Level
 Summon Small Mammal      Summ           40%        N/A       5%          1
 Call Canine Familiar     Summ           10%        N/A       16%         3
 Summon Guardian Golem    Hex/Summ       11%        N/A       16%         3


Dungeon Overview and Level Annotations

Branches:
Dungeon (7/15) Zot: 2208   Temple (1/1) D:4 Zot: 206

Altars:
Ashenzari
Cheibriados
Dithmenos
Elyvilon
Fedhas
Gozag
Hepliaklqana
Kikubaaqudgha
Makhleb
Nemelex Xobeh
Okawaru
Ru
Sif Muna
Trog
Vehumet
Wu Jian
Xom
Yredelemnul
Zin


Innate Abilities, Weirdness & Mutations

You passively map the area around you.
You are easily found by Zot.
You glow in the dark.
You regain HP and MP as you explore.


Message History

Casting: Sandblast (safe; 1% risk of failure)
Confirm with . or Enter, or press ? or * to list all spells.
The blast of sand hits the wight.
The wight is heavily damaged.
The wight barely misses you.
The wight hits you from afar with a +5 halberd!
* * * LOW HITPOINT WARNING * * *
There is an open door here.
Aiming: Sandblast (safe; 1% risk of failure)
Press: ? - help, Q - select action, (/) - cycle Shift-Dir - straight line, f/p - wight
Aim: a wight, wielding a +5 halberd and wearing a +0 robe (heavily damaged, 85% to hit)
The blast of sand hits the wight.
The wight is heavily damaged.
The wight hits you from afar with a +5 halberd!
* * * LOW HITPOINT WARNING * * *
You feel drained.
* * * LOW HITPOINT WARNING * * *
Aiming: Sandblast (safe; 1% risk of failure)
Press: ? - help, Q - select action, (/) - cycle Shift-Dir - straight line, f/p - wight
Aim: a wight, wielding a +5 halberd and wearing a +0 robe (heavily damaged, 85% to hit)
The blast of sand hits the wight.
The wight is moderately damaged.
The wight barely misses you.
The wight hits you from afar with a +5 halberd!
* * * LOW HITPOINT WARNING * * *
You feel drained.
* * * LOW HITPOINT WARNING * * *
The wight misses you. The wight hits you with a +0 hand axe.
* * * LOW HITPOINT WARNING * * *
You feel drained.
* * * LOW HITPOINT WARNING * * *
Casting: Sandblast (safe; 1% risk of failure)
Confirm with . or Enter, or press ? or * to list all spells.
Aiming: Stone Arrow (safe; 1% risk of failure)
Press: ? - help, Shift-Dir - straight line, f/p - wight
Aim: a wight, wielding a +5 halberd and wearing a +0 robe (heavily damaged, 78% to hit)
The stone arrow hits the wight!!
You destroy the wight!
The wight hits you from afar with a +5 halberd!
You die...

##.## * , * * * *, * * ..##
_, * , , , .##### # ### +
~* *, * .....# #.#.# ,#**
#+## , .###.# #.#.###.
#...## , .. #.# #...... *
#.....#* ,, .. #.#
*##..######.......* **
...#.#####......##........
,
...>............@)........,
.>...##.......#.##z)......
,
##.####.##....#.###.......
#.# * #.#...#.#.# #.....#
*, .# * #.#..##.#.# #...##
* # *#.......#.# #'## *
#.....###.# .# * * , *
#......,..# *,# * * #......
*** ,


You could see a wight.

Vanquished Creatures
  Grinder (D:3)
  A shadow (D:6)
  Eustachio (D:6)
  A sky beast (D:6)
  4 ice beasts
  3 scorpions (D:6)
  2 wights (D:7)
  A hound (D:6)
  2 jellies
  2 orc priests
  4 iguanas
  2 orc wizards
  2 adders (D:3)
  5 orcs
  6 endoplasms
  5 goblins
  2 hobgoblins
  4 jackals (D:1)
  A quokka (D:2)
  3 ball pythons
  11 bats
  3 frilled lizards (D:1)
  4 kobolds
  2 rats (D:1)
72 creatures vanquished.

Notes
Turn   | Place    | Note
-------+----------+-------------------------------------------
     0 | D:1      | lunkers the Meteoran Earth Elementalist began the quest for
                  | the Orb.
     0 | D:1      | Reached XP level 1. HP: 14/14 MP: 5/5
    14 | D:1      | You fall into a shaft and drop 1 floor!
    42 | D:2      | Found a broken altar of Ashenzari.
    56 | D:2      | Became a worshipper of Ashenzari the Shackled
   178 | D:1      | Reached XP level 2. HP: 20/20 MP: 3/6
   219 | D:1      | Reached skill level 4 in Earth Magic
   277 | D:1      | Reached XP level 3. HP: 25/26 MP: 1/8
   775 | D:3      | Noticed Grinder
   775 | D:3      | Paralysed by Grinder for 2 turns
   784 | D:3      | Paralysed by Grinder for 2 turns
   816 | D:3      | Reached XP level 4. HP: 33/33 MP: 8/10
   833 | D:3      | Reached skill level 5 in Earth Magic
   848 | D:3      | Killed Grinder
   849 | D:3      | Reached skill level 6 in Earth Magic
   849 | D:3      | Reached XP level 5. HP: 38/38 MP: 9/13
   849 | D:3      | Reached XP level 6. HP: 45/45 MP: 9/14
  1038 | D:4      | Reached skill level 7 in Earth Magic
  1058 | D:4      | Reached skill level 5 in Spellcasting
  1058 | D:4      | Reached XP level 7. HP: 50/50 MP: 13/15
  1097 | D:4      | Reached * piety under Ashenzari
  1106 | D:4      | Found a staircase to the Ecumenical Temple.
  1119 | Temple   | Entered the Ecumenical Temple
  1520 | D:5      | Entered Level 5 of the Dungeon
  1856 | D:5      | Identified the +1 ring mail of Duuc {+Inv rC- Str+9 Int+3}
  1896 | D:5      | Reached skill level 8 in Earth Magic
  1945 | D:6      | Reached XP level 8. HP: 57/57 MP: 15/17
  1955 | D:6      | Reached skill level 9 in Earth Magic
  1964 | D:6      | Learned a level 2 spell: Passwall
  1968 | D:6      | Learned a level 3 spell: Stone Arrow
  1973 | D:6      | Learned a level 4 spell: Petrify
  1977 | D:6      | Learned a level 3 spell: Ozocubu's Armour
  1993 | D:6      | Noticed a shadow
  1997 | D:6      | Killed a shadow
  1998 | D:6      | Reached skill level 1 in Conjurations
  2032 | D:6      | Reached ** piety under Ashenzari
  2036 | D:6      | Noticed Eustachio
  2043 | D:6      | Killed Eustachio
  2044 | D:6      | Gained mutation: You passively map the area around you.
                  | [Meteoran growth]
  2044 | D:6      | Reached XP level 9. HP: 37/62 MP: 13/20
  2201 | D:7      | Learned a level 7 spell: Ozocubu's Refrigeration
  2319 | D:7      | Reached skill level 5 in Ice Magic
  2325 | D:7      | Slain by a wight

Illustrated notes

Levels and vault maps discovered:
D:1:      heliophobic_arrival_ceremonial_halls, layout_basic, serial_shops,
          nicolae_shop_temple_entry_statues_fountains
D:2:      layout_loops_ring, basic_altar, serial_park_tiny_1
D:3:      layout_basic, minivault_19, uniq_jessica, uniq_grinder, uniq_ijyb
D:4:      layout_loops_cross, minmay_temple_entry_butterflies
D:5:      minmay_octagon_keep, layout_basic, roderic_batcave,
          minmay_misc_feat_room
D:6:      layout_basic, uniq_eustachio
D:7:      layout_loops_corners, gammafunk_temple_overflow_elements
Temple:   compressed_dpeg_triangle_lava_temple

Skill      XL: |  1  2  3  4  5  6  7  8  9 |
---------------+----------------------------+-----
Earth Magic    | 4 6 7 8 9 |  9.1
Spellcasting   | 3 4 5 7 |  7.6
Conjurations   | 2 3 |  3.0
Ice Magic      | 3 5 |  5.1
Dodging        | |  2.4
Stealth        | |  1.4
Transmutations | |  1.2

Action                   |  1- 3 |  4- 6 |  7- 9 || total
-------------------------+-------+-------+-------++-------
 Cast: Sandblast         |    38 |    11 |    74 ||   123
       Stone Arrow       |       |       |     1 ||     1
Invok: Curse Item        |     1 |       |     2 ||     3
  Use: Scroll            |     1 |       |       ||     1
Armor: Robe              |     5 |       |    13 ||    18
Dodge: Dodged            |     5 |       |    25 ||    30

Table legend: (Time is in decaauts)
 A = Elapsed time spent in this place.
 B = Non-inter-level travel time spent in this place.
 C = Inter-level travel time spent in this place.
 D = Time resting spent in this place.
 E = Time spent auto-exploring this place.
 F = Levels seen in this place.
 G = Mean time per level.
                   A        B        C        D        E       F      G
               +--------+--------+--------+--------+--------+-----+--------+
         Total |   2384 |   2256 |    128 |      0 |   1727 |   8 |  298.0 |
       Dungeon |   1990 |   1862 |    128 |      0 |   1353 |   7 |  284.3 |
        Temple |    393 |    393 |      0 |      0 |    374 |   1 |  393.0 |
               +--------+--------+--------+--------+--------+-----+--------+

Top non-repeatable levels by time:
     D:5: 405 daAuts
  Temple: 393 daAuts
     D:2: 355 daAuts
     D:3: 323 daAuts
     D:6: 264 daAuts
     D:1: 251 daAuts
     D:4: 222 daAuts
     D:7: 166 daAuts
